PBL
MADISON BREWERS @ HOUSTON COLT .45'S
10/02/2048
 
TOP OF THE 1ST
Madison Brewers batting - Pitching for Houston Colt .45's : LHP Manny Gonzales
Pitching: LHP Manny Gonzales
Batting: LHB Andy Buschlen 0-0: Ball
1-0: Ball
2-0: Called Strike
2-1: Bunt - Flyout to 13S! F1
Batting: LHB Jose Simental 0-0: Called Strike
0-1: Ball
1-1: Ball
2-1: Fly out, F7 (Flyball, 7LSF, EV 99.4 MPH)
Batting: LHB Bill Kovac 0-0: Swinging Strike
0-1: Ball
1-1: Swinging Strike
1-2: SINGLE (Line Drive, 5D, EV 101.2 MPH)
Batting: RHB Jelani Griffin 0-0: Foul Ball, location: 2F
0-1: Ground out 4-3 (Groundball, 4S, EV 65.6 MPH)
Top of the 1st over - 0 runs, 1 hit, 0 errors, 1 left on base; Madison 0 - Houston 0
BOTTOM OF THE 1ST
Houston Colt .45's batting - Pitching for Madison Brewers : LHP Gil Sanchez
Pitching: LHP Gil Sanchez
Batting: SHB Terciero Ortiz 0-0: Foul Ball, location: 2F
0-1: Ball
1-1: Foul Ball, location: 2F
1-2: Strikes out swinging
Batting: RHB To-wai Chen 0-0: Ball
1-0: Foul Ball, location: 2F
1-1: Ground out U3 (Groundball, 34, EV 76.2 MPH)
Batting: RHB Jamie Walker 0-0: Ball
1-0: SOLO HOME RUN (Flyball, 78XD, EV 100.0 MPH), Distance : 426 ft
Batting: LHB Vecdi Hodensack 0-0: Ball
1-0: Foul Ball, location: 2F
1-1: Foul Ball, location: 2F
1-2: Foul Ball, location: 2F
1-2: Foul Ball, location: 2F
1-2: Foul Ball, location: 2F
1-2: Fly out, F6 (Flyball, 56D, EV 81.9 MPH)
Bottom of the 1st over - 1 run, 1 hit, 0 errors, 0 left on base; Madison 0 - Houston 1
TOP OF THE 2ND
Madison Brewers batting - Pitching for Houston Colt .45's : LHP Manny Gonzales
Batting: LHB Tony Hasbun 0-0: Called Strike
0-1: Ball
1-1: Ball
2-1: Fly out, F8 (Flyball, 78D, EV 101.2 MPH)
Batting: RHB Steve Brock 0-0: Ball
1-0: Foul Ball, location: 2F
1-1: Ground out 5-3 (Groundball, 56, EV 81.9 MPH)
Batting: RHB Ben Follett 0-0: Ball
1-0: Foul Ball, location: 2F
1-1: Foul Ball, location: 2F
1-2: Ball
2-2: Foul Ball, location: 2F
2-2: Foul Ball, location: 2F
2-2: Ground out 6-3 (Groundball, 6, EV 89.4 MPH)
Top of the 2nd over - 0 runs, 0 hits, 0 errors, 0 left on base; Madison 0 - Houston 1
BOTTOM OF THE 2ND
Houston Colt .45's batting - Pitching for Madison Brewers : LHP Gil Sanchez
Batting: RHB Josh Reisner 0-0: Called Strike
0-1: Ball
1-1: Fly out, F8 (Flyball, 8RD, EV 92.5 MPH)
Batting: RHB Fernando Acosta 0-0: Foul Ball, location: 2F
0-1: Ball
1-1: Ball
2-1: Swinging Strike
2-2: Foul Ball, location: 2F
2-2: Ground out U3 (Groundball, 13, EV 77.5 MPH)
Batting: RHB Tim Williams 0-0: Foul Ball, location: 2F
0-1: Ball
1-1: Swinging Strike
1-2: Strikes out swinging
Bottom of the 2nd over - 0 runs, 0 hits, 0 errors, 0 left on base; Madison 0 - Houston 1
TOP OF THE 3RD
Madison Brewers batting - Pitching for Houston Colt .45's : LHP Manny Gonzales
Batting: LHB Danny Roberts 0-0: Foul Ball, location: 2F
0-1: Ball
1-1: Foul Ball, location: 2F
1-2: Foul Ball, location: 2F
1-2: Ball
2-2: Foul Ball, location: 2F
2-2: Ball
3-2: Foul Ball, location: 2F
3-2: Hit by Pitch
Batting: RHB Gil Sanchez 0-0: Called Strike
0-1: Swinging Strike
0-2: Strikes out looking
Batting: LHB Andy Buschlen 0-0: Ball
1-0: Called Strike
1-1: Swinging Strike
1-2: Foul Ball, location: 2F
1-2: Ball
2-2: Foul Ball, location: 2F
2-2: Ball
3-2: Grounds into double play, 6-4-3 (Groundball, 6M, EV 83.8 MPH)
Top of the 3rd over - 0 runs, 0 hits, 0 errors, 0 left on base; Madison 0 - Houston 1
BOTTOM OF THE 3RD
Houston Colt .45's batting - Pitching for Madison Brewers : LHP Gil Sanchez
Batting: LHB Bob Neale 0-0: Foul Ball, location: 2F
0-1: Ball
1-1: Swinging Strike
1-2: Foul Ball, location: 2F
1-2: Foul Ball, location: 2F
1-2: Foul Ball, location: 2F
1-2: Fly out, F8 (Flyball, 8RXD, EV 98.8 MPH)
Batting: RHB David Sanchez 0-0: SOLO HOME RUN (Line Drive, 89XD, EV 102.5 MPH), Distance : 414 ft
Batting: SHB Terciero Ortiz 0-0: Called Strike
0-1: Foul Ball, location: 2F
0-2: Ball
1-2: Ball
2-2: Foul Ball, location: 2F
2-2: SINGLE (Groundball, 6D, EV 103.1 MPH)
Batting: RHB To-wai Chen 0-0: Fly out, F8 (Flyball, 8LD, EV 98.8 MPH)
Batting: RHB Jamie Walker 0-0: Ball
1-0: Ball
2-0: Ball
3-0: Base on Balls
Terciero Ortiz to second
Batting: LHB Vecdi Hodensack 0-0: Ball
Wild Pitch!
Terciero Ortiz to third
Jamie Walker to second
1-0: Called Strike
1-1: Called Strike
1-2: 3-RUN HOME RUN (Flyball, 9LD, EV 93.1 MPH), Distance : 355 ft
Batting: RHB Josh Reisner 0-0: Ball
1-0: Ball
2-0: Ball
3-0: Called Strike
3-1: Foul Ball, location: 2F
3-2: Foul Ball, location: 2F
3-2: Foul Ball, location: 2F
3-2: Reached on error, E5 (Groundball, 25, EV 79.4 MPH)
Batting: RHB Fernando Acosta 0-0: Ball
1-0: Swinging Strike
1-1: Called Strike
1-2: Ball
2-2: Strikes out swinging
Bottom of the 3rd over - 4 runs, 3 hits, 1 error, 1 left on base; Madison 0 - Houston 5
TOP OF THE 4TH
Madison Brewers batting - Pitching for Houston Colt .45's : LHP Manny Gonzales
Batting: LHB Jose Simental 0-0: Called Strike
0-1: Ball
1-1: Ball
2-1: Swinging Strike
2-2: Strikes out swinging
Batting: LHB Bill Kovac 0-0: Ball
1-0: Called Strike
1-1: Ground out 5-3 (Groundball, 56, EV 90.0 MPH)
Batting: RHB Jelani Griffin 0-0: Ball
1-0: Foul Ball, location: 2F
1-1: Swinging Strike
1-2: Strikes out swinging
Top of the 4th over - 0 runs, 0 hits, 0 errors, 0 left on base; Madison 0 - Houston 5
BOTTOM OF THE 4TH
Houston Colt .45's batting - Pitching for Madison Brewers : LHP Gil Sanchez
Batting: RHB Tim Williams 0-0: Ball
1-0: SINGLE (Flyball, 89S, EV 91.2 MPH)
Pitching: RHP Tristan Smeets
Batting: LHB Bob Neale 0-0: Called Strike
0-1: Called Strike
0-2: Ball
Wild Pitch!
Tim Williams to second
1-2: Foul Ball, location: 2F
1-2: Ground out 4-3 (Groundball, 4M, EV 86.2 MPH)
Tim Williams to third
Batting: RHB David Sanchez 0-0: Called Strike
0-1: Swinging Strike
0-2: Foul Ball, location: 2F
0-2: Strikes out looking
Batting: SHB Terciero Ortiz 0-0: Ball
1-0: Called Strike
1-1: Ball
2-1: Ball
3-1: Base on Balls
Batting: RHB To-wai Chen 0-0: Called Strike
0-1: Ball
1-1: Swinging Strike
1-2: Strikes out looking
Bottom of the 4th over - 0 runs, 1 hit, 0 errors, 2 left on base; Madison 0 - Houston 5
TOP OF THE 5TH
Madison Brewers batting - Pitching for Houston Colt .45's : LHP Manny Gonzales
Batting: LHB Tony Hasbun 0-0: Foul Ball, location: 2F
0-1: Ball
1-1: Foul Ball, location: 2F
1-2: Ball
2-2: Strikes out swinging
Batting: RHB Steve Brock 0-0: Ball
1-0: Reached on error, E6 (Groundball, 6, EV 90.6 MPH)
Batting: RHB Ben Follett 0-0: Called Strike
0-1: Swinging Strike
0-2: Foul Ball, location: 2F
0-2: Foul Ball, location: 2F
0-2: Ball
1-2: Foul Ball, location: 2F
1-2: Ball
2-2: Foul Ball, location: 2F
2-2: Fly out, F9 (Flyball, 9, EV 86.2 MPH)
Batting: LHB Danny Roberts 0-0: Called Strike
0-1: Ball
1-1: Swinging Strike
1-2: Foul Ball, location: 2F
1-2: Ball
2-2: Foul Ball, location: 2F
2-2: Foul Ball, location: 2F
2-2: Ball
3-2: Foul Ball, location: 2F
3-2: SINGLE (Groundball, 4D, EV 101.2 MPH)
Steve Brock to third
Pitching: LHP Frank Vazquez
Batting: RHB Gil Sanchez 0-0: Ball
1-0: Called Strike
1-1: Called Strike
1-2: Ball
2-2: Strikes out swinging
Top of the 5th over - 0 runs, 1 hit, 1 error, 2 left on base; Madison 0 - Houston 5
BOTTOM OF THE 5TH
Houston Colt .45's batting - Pitching for Madison Brewers : RHP Tristan Smeets
Batting: RHB Jamie Walker 0-0: Called Strike
0-1: Fly out, F9 (Flyball, 9LSF, EV 91.9 MPH)
Batting: LHB Vecdi Hodensack 0-0: Called Strike
0-1: Ball
1-1: Swinging Strike
1-2: Foul Ball, location: 2F
1-2: Strikes out swinging
Batting: RHB Josh Reisner 0-0: Foul Ball, location: 2F
0-1: Ball
1-1: Ball
2-1: Ground out 5-3 (Groundball, 56, EV 85.6 MPH)
Bottom of the 5th over - 0 runs, 0 hits, 0 errors, 0 left on base; Madison 0 - Houston 5
TOP OF THE 6TH
Madison Brewers batting - Pitching for Houston Colt .45's : LHP Frank Vazquez
Batting: LHB Andy Buschlen 0-0: Foul Ball, location: 2F
0-1: Swinging Strike
0-2: Foul Ball, location: 2F
0-2: Strikes out swinging
Pinch Hitting: RHB Ivan Rivera 0-0: Ball
1-0: Ball
2-0: Ball
3-0: Base on Balls
Batting: LHB Bill Kovac 0-0: Foul Ball, location: 2F
0-1: Ball
1-1: Foul Ball, location: 2F
1-2: Strikes out looking
Batting: RHB Jelani Griffin 0-0: Ball
Ivan Rivera is caught stealing 2nd base 2-4
Top of the 6th over - 0 runs, 0 hits, 0 errors, 0 left on base; Madison 0 - Houston 5
BOTTOM OF THE 6TH
Houston Colt .45's batting - Pitching for Madison Brewers : RHP Tristan Smeets
Now at 2B: Jackson Wither
Now at SS: Tony Hasbun
Batting: RHB Fernando Acosta 0-0: Ball
1-0: Foul Ball, location: 2F
1-1: Swinging Strike
1-2: Ball
2-2: Strikes out swinging
Batting: RHB Tim Williams 0-0: Ball
1-0: Called Strike
1-1: Swinging Strike
1-2: Foul Ball, location: 2F
1-2: Strikes out swinging
Batting: LHB Bob Neale 0-0: Called Strike
0-1: Ball
1-1: Ground out 4-3 (Groundball, 4S, EV 86.2 MPH)
Bottom of the 6th over - 0 runs, 0 hits, 0 errors, 0 left on base; Madison 0 - Houston 5
TOP OF THE 7TH
Madison Brewers batting - Pitching for Houston Colt .45's : LHP Frank Vazquez
Batting: RHB Jelani Griffin 0-0: Swinging Strike
0-1: Ball
1-1: Swinging Strike
1-2: Strikes out swinging
Pinch Hitting: RHB Austin Doig 0-0: Ball
1-0: Called Strike
1-1: Foul Ball, location: 2F
1-2: Strikes out looking
Batting: RHB Steve Brock 0-0: Foul Ball, location: 2F
0-1: Swinging Strike
0-2: Ball
1-2: Ball
2-2: Foul Ball, location: 2F
2-2: Strikes out looking
Top of the 7th over - 0 runs, 0 hits, 0 errors, 0 left on base; Madison 0 - Houston 5
BOTTOM OF THE 7TH
Houston Colt .45's batting - Pitching for Madison Brewers : RHP Tristan Smeets
Now at 2B: Austin Doig
Now at SS: Jackson Wither
Batting: RHB David Sanchez 0-0: Ball
1-0: Called Strike
1-1: Foul Ball, location: 2F
1-2: Strikes out swinging
Batting: SHB Terciero Ortiz 0-0: Called Strike
0-1: Called Strike
0-2: Ball
1-2: Ground out 5-3 (Groundball, 6, EV 109.4 MPH)
Batting: RHB To-wai Chen 0-0: Foul Ball, location: 2F
0-1: Ball
1-1: Foul Ball, location: 2F
1-2: Foul Ball, location: 2F
1-2: Ball
2-2: Ball
3-2: Strikes out swinging
Bottom of the 7th over - 0 runs, 0 hits, 0 errors, 0 left on base; Madison 0 - Houston 5
TOP OF THE 8TH
Madison Brewers batting - Pitching for Houston Colt .45's : LHP Frank Vazquez
Pitching: LHP Jordan Garcia
Batting: RHB Ben Follett 0-0: Called Strike
0-1: Ball
1-1: Ball
2-1: Ball
3-1: Fly out, F9 (Flyball, 9D, EV 90.6 MPH)
Batting: LHB Danny Roberts 0-0: Ball
1-0: Foul Ball, location: 2F
1-1: Foul Ball, location: 2F
1-2: Foul Ball, location: 2F
1-2: Foul Ball, location: 2F
1-2: Ball
2-2: Ball
3-2: Fly out, F8 (Line Drive, 8LM, EV 91.9 MPH)
Batting: RHB Dustin Pryor 0-0: Ball
1-0: Ball
2-0: Ball
3-0: Called Strike
3-1: Base on Balls
Batting: LHB Andy Buschlen 0-0: Ball
1-0: Ball
2-0: Foul Ball, location: 2F
2-1: Fly out, F8 (Flyball, 8LXD, EV 98.1 MPH)
Top of the 8th over - 0 runs, 0 hits, 0 errors, 1 left on base; Madison 0 - Houston 5
BOTTOM OF THE 8TH
Houston Colt .45's batting - Pitching for Madison Brewers : RHP Tristan Smeets
Batting: RHB Jamie Walker 0-0: Ball
1-0: Ball
2-0: Foul Ball, location: 2F
2-1: Swinging Strike
2-2: Foul Ball, location: 2F
2-2: Foul Ball, location: 2F
2-2: Fly out, F8 (Flyball, 8LD, EV 83.8 MPH)
Batting: LHB Vecdi Hodensack 0-0: Ball
1-0: Called Strike
1-1: Called Strike
1-2: Strikes out swinging
Batting: RHB Josh Reisner 0-0: Swinging Strike
0-1: Called Strike
0-2: Strikes out looking
Bottom of the 8th over - 0 runs, 0 hits, 0 errors, 0 left on base; Madison 0 - Houston 5
TOP OF THE 9TH
Madison Brewers batting - Pitching for Houston Colt .45's : LHP Jordan Garcia
Batting: LHB Jackson Wither 0-0: Ball
1-0: Foul Ball, location: 2F
1-1: Called Strike
1-2: Strikes out looking
Pitching: LHP Manny Muniz
Batting: LHB Bill Kovac 0-0: SINGLE (Groundball, 3S, EV 65.0 MPH) (infield hit)
Batting: RHB Jelani Griffin 0-0: Ball
1-0: Ball
2-0: Swinging Strike
2-1: Swinging Strike
2-2: Foul Ball, location: 2F
2-2: Foul Ball, location: 2F
2-2: Single, Error in OF, E7, batter to second base (Groundball, 6D, EV 103.1 MPH)
Bill Kovac to third
Batting: RHB Austin Doig 0-0: Ball
1-0: Ball
2-0: 3-RUN HOME RUN (Flyball, 9LD, EV 93.1 MPH), Distance : 336 ft
Pitching: LHP Kimmo-Mikka Koistinen
Batting: RHB Steve Brock 0-0: Ball
1-0: Ball
2-0: SINGLE (Groundball, 6MD, EV 98.1 MPH)
Batting: RHB Ben Follett 0-0: Fly out, F9 (Flyball, 9S, EV 83.1 MPH)
Pinch Hitting: RHB Mario Lopez 0-0: Foul Ball, location: 2F
0-1: Foul Ball, location: 2F
0-2: Fly out, F9 (Line Drive, 89M, EV 97.5 MPH)
Top of the 9th over - 3 runs, 4 hits, 1 error, 1 left on base; Madison 3 - Houston 5
Tuesday, March 28th , 2023 - OOTP Baseball 23.10 Build 110